 Dungeon Crawl Stone Soup version 0.31.0-1-g2c135a0 (webtiles) character file.

Game seed: 10655641445411750041

44 jagoly the Trooper (level 3, -8/24 HPs)
             Began as a Gargoyle Monk on Jan 28, 2024.
             Mangled by an ice beast (9 damage)
             ... on level 3 of the Dungeon.
             The game lasted 00:04:48 (497 turns).

jagoly the Trooper (Gargoyle Monk)                   Turns: 497, Time: 00:04:48

Health: -8/24      AC:  9    Str: 16    XL:     3   Next: 60%
Magic:  3/3        EV: 11    Int: 10    God:
Gold:   99         SH:  0    Dex: 12    Spells: 2/2 levels left

rFire   . . .        a - +0 hand axe
rCold   . . .        d - orb {light}
rNeg    + . .        e - +0 ring mail
rPois   ∞            k - +0 helmet
rElec   +            (no cloak)
rCorr   .            (no gloves)
SInv    .            (no boots)
Will    .....        (no amulet)
Stlth   +            (no ring)
HPRegen 0.24/turn    (no ring)
MPRegen 0.08/turn

%: no passive effects
@: glowing
A: sickness immunity, AC +3, negative energy resistance 1, electricity
resistance, torment resistance 1, petrification resistance
a: no special abilities


You were on level 3 of the Dungeon.
You visited 1 branch of the dungeon, and saw 4 of its levels.

You collected 99 gold pieces.

Inventory:

Hand Weapons
 a - a +0 hand axe (weapon)
 b - a +0 sling
Missiles
 f - 2 poisoned darts (quivered)
 i - 12 stones
Armour
 d - an orb of light (worn)
 e - a +0 ring mail (worn)
 g - a +0 robe
 k - a +0 helmet (worn)
Jewellery
 n - a +6 ring of intelligence
Scrolls
 l - a scroll of vulnerability {unknown}
 m - a scroll of identify {unknown}
Potions
 c - a potion of ambrosia
 h - a potion of enlightenment {unknown}
 j - a potion of lignification {unknown}


   Skills:
 + Level 3.7 Fighting
 * Level 3.3 Axes
 + Level 1.3 Armour
 - Level 2.4 Dodging
 - Level 1.0 Stealth


You had 2 spell levels left.
You didn't know any spells.
Your spell library contained the following spells:

 Spells                   Type           Power      Damage    Failure   Level
 Foxfire                  Conj/Fire      0%         2x1d4     58%         1
 Plasma Beam              Fire/Air       0%         2x1d10    100%        6
 Starburst                Conj/Fire      0%         6d3       100%        6


Dungeon Overview and Level Annotations

Branches:
Dungeon (4/15) Zot: 23491
 Temple: D:4-7

Altars:
Wu Jian

Annotations:
D:2 Natasha


Innate Abilities, Weirdness & Mutations

You are immune to sickness and miasma.
Your stone body is resilient. (AC +3)
You are immune to poison.
You resist negative energy. (rN+)
You are resistant to electric shocks. (rElec)
You are resistant to unholy torment.
You are immune to petrification.


Message History

The endoplasm quivers.
The ball python hisses angrily.
The ball python moves out of view.
A kobold comes into view. It is wielding a +0 short sword.
The kobold shouts!
You hit the kobold but do no damage.
You hit the giant cockroach but do no damage.
The giant cockroach barely misses you. The kobold hits you but does no damage.
You hit the kobold.
You kill the kobold!
You hit the giant cockroach. The giant cockroach bites you.
You hit the giant cockroach but do no damage.
The giant cockroach is severely wounded.
The giant cockroach closely misses you.
The giant cockroach bites you but does no damage.
You hit the giant cockroach.
You kill the giant cockroach!
You hit the ball python.
You kill the ball python!
The endoplasm jiggles.
You completely miss the endoplasm. The endoplasm misses you.
You hit the endoplasm.
The endoplasm is moderately wounded.
The endoplasm barely misses you. The endoplasm freezes you.
You are frozen.
You hit the endoplasm.
The endoplasm is heavily wounded.
The endoplasm freezes you.
You are frozen.
* * * LOW HITPOINT WARNING * * *
You are too injured to fight recklessly!
Cleave: a) +0 hand axe
Press: ? - help, Dir - move target, f - endoplasm
Aim: an endoplasm (heavily wounded, haloed, about 3% to evade your +0 hand axe)
You hit the endoplasm.
You kill the endoplasm!
Found 2 poisoned darts.
You see here 2 poisoned darts.
f - 2 poisoned darts
Found a sling.
You see here a +0 sling.
g - a +0 sling
Okay, then.
Adjust (i)tems, (s)pells, or (a)bilities?
g - a +0 sling Adjust to which letter? (? for menu, Esc to quit)
b - a +0 sling;
g - a +0 robe
b - a +0 sling (weapon)
Found a purple potion.
h - a purple potion A hobgoblin comes into view.
Found a stone staircase leading down.
You shoot a sling bullet.
The sling bullet closely misses the hobgoblin.
A ball python comes into view.
You shoot a sling bullet. The ball python hisses angrily.
The sling bullet hits the hobgoblin.
The hobgoblin is almost dead.
a - a +0 hand axe (weapon)
You hit the hobgoblin but do no damage.
The hobgoblin is almost dead.
The hobgoblin closely misses you.
You hit the hobgoblin.
You kill the hobgoblin!
You hit the ball python.
You kill the ball python!
You have reached level 2!
b - a +0 sling (weapon)
Found a club.
There is a stone staircase leading down here.
You climb downwards.
The kobold shouts!
There is a stone staircase leading up here.
Fire: b) +0 sling
Press: ? - help, Q - select action, (/) - cycle Shift-Dir - straight line, f - kobold
Aim: a kobold, wielding a +0 dagger and quivering stones (haloed, 67% to hit)
You shoot a sling bullet. The sling bullet hits the kobold.
You kill the kobold!
Fire: b) +0 sling
Press: ? - help, Q - select action, (/) - cycle Shift-Dir - straight line, f - kobold
Aim: a kobold, wielding a +0 whip (haloed, 67% to hit)
You shoot a sling bullet. The sling bullet hits the kobold.
You kill the kobold!
Press: ? - help, v - describe, . - travel, g - get item
Items here: a +0 dagger; 2 stones.
The floor.
This square is lit by a halo.
Things that are here:
a +0 dagger; 2 stones
i - 2 stones A quokka comes into view.
You shoot a sling bullet.
The sling bullet closely misses the quokka.
You shoot a sling bullet.
The sling bullet closely misses the quokka.
You shoot a sling bullet.
The sling bullet closely misses the quokka.
a - a +0 hand axe (weapon)
The quokka barely misses you.
You hit the quokka.
You kill the quokka!
No target in view!
No target in view!
b - a +0 sling (weapon)
Found a ring mail.
A ball python comes into view.
Found a bubbling dark potion, 8 gold pieces and 6 stones.
The ball python hisses angrily.
You shoot a sling bullet.
The sling bullet barely misses the ball python.
You shoot a sling bullet.
The sling bullet closely misses the ball python.
a - a +0 hand axe (weapon)
You barely miss the ball python.
The ball python bites you but does no damage.
The ball python closely misses you.
You hit the ball python.
You kill the ball python!
No target in view!
b - a +0 sling (weapon)
i - 8 stones (gained 6)
You see here a ball python corpse.
You see here a +0 ring mail.
You now have 8 gold pieces.
Found a scroll labelled KUW YJUKOU.
Found a book of Fire.
A rat comes into view.
The rat squeaks loudly.
You shoot a sling bullet. The sling bullet hits the rat.
You kill the rat!
Your Axes skill increases to level 3!
j - a bubbling dark potion A dart slug comes into view.
Found a stone staircase leading down.
You see here a book of Fire.
You pick up a book of Fire and begin reading...
You add the spells Foxfire, Plasma Beam and Starburst to your library.
The dart slug launches a dart at you.
The slug dart hits you but does no damage.
a - a +0 hand axe (weapon)
You hit the dart slug.
The dart slug is severely wounded.
The dart slug bites you but does no damage.
You hit the dart slug.
You kill the dart slug!
Found 11 gold pieces.
A hobgoblin comes into view.
There is a stone staircase leading down here.
You climb downwards.
The endoplasm quivers.
Found 16 gold pieces.
Found a stone staircase leading down.
There is a stone staircase leading up here.
b - a +0 sling (weapon)
You shoot a sling bullet. The sling bullet hits the endoplasm.
The endoplasm is moderately wounded.
You shoot a sling bullet. The sling bullet hits the endoplasm.
You kill the endoplasm!
Training target 1.0 for Stealth reached!
Your Stealth skill increases to level 1!
You now have 24 gold pieces (gained 16).
There is a stone staircase leading up here.
You climb upwards.
The hobgoblin hits you.
There is a stone staircase leading down here.
a - a +0 hand axe (weapon)
The hobgoblin misses you.
You hit the hobgoblin.
The hobgoblin is almost dead.
The hobgoblin hits you but does no damage.
You hit the hobgoblin.
You kill the hobgoblin!
No target in view!
b - a +0 sling (weapon)
Found a rapier.
HP restored.
You now have 35 gold pieces (gained 11).
There is a stone staircase leading down here.
A hobgoblin comes into view.
The hobgoblin shouts!
You hear a shout!
A giant cockroach comes into view.
a - a +0 hand axe (weapon)
The hobgoblin hits you but does no damage.
You hit the hobgoblin.
The hobgoblin is almost dead.
The hobgoblin misses you.
You hit the hobgoblin but do no damage.
The hobgoblin is almost dead.
The hobgoblin closely misses you.
You hit the hobgoblin but do no damage.
The hobgoblin is almost dead.
The hobgoblin hits you but does no damage.
The hobgoblin barely misses you.
You hit the hobgoblin.
You kill the hobgoblin!
You hit the giant cockroach.
The giant cockroach is moderately wounded.
The giant cockroach barely misses you. The giant cockroach closely misses you.
You hit the giant cockroach but do no damage.
The giant cockroach is moderately wounded.
The giant cockroach barely misses you.
You barely miss the giant cockroach.
The giant cockroach is moderately wounded.
The giant cockroach misses you.
The giant cockroach bites you but does no damage.
You hit the giant cockroach.
The giant cockroach is heavily wounded.
A hobgoblin comes into view.
The giant cockroach bites you but does no damage.
The hobgoblin shouts!
You hit the giant cockroach.
You kill the giant cockroach!
Your Armour skill increases to level 1!
Natasha, Servant of Life and Death comes into view.
Natasha hisses angrily.
Things that are here:
15 gold pieces; a hobgoblin corpse You now have 50 gold pieces (gained 15).
Natasha mumbles some strange words.
The cerulean imp enters a dispersal trap!
Natasha blinks!
The hobgoblin blinks!
You blink.
The hobgoblin closely misses you.
You hit the hobgoblin but do no damage. The hobgoblin closely misses you.
You hit the hobgoblin.
The hobgoblin is almost dead.
The hobgoblin barely misses you.
You barely miss the hobgoblin.
The hobgoblin is almost dead.
The hobgoblin closely misses you. x2
You hit the hobgoblin.
You kill the hobgoblin!
You see here a rat corpse.
The cerulean imp disappears in a puff of smoke!
A rat comes into view.
Found a ring mail.
The rat squeaks loudly.
You hear a loud squeak.
A rat comes into view.
The rat squeaks loudly.
You barely miss the rat. The rat bites you but does no damage.
You hit the rat.
The rat is severely wounded.
The rat bites you but does no damage.
You hit the rat but do no damage.
The rat is severely wounded.
The rat misses you.
You hit the rat.
You kill the rat!
An endoplasm comes into view.
The rat bites you but does no damage.
You hit the rat.
You kill the rat!
You see here a rat corpse.
The endoplasm closely misses you.
You hit the endoplasm.
The endoplasm is moderately wounded.
The endoplasm freezes you.
You are frozen.
The endoplasm freezes you.
You are frozen.
You hit the endoplasm but do no damage.
The endoplasm is moderately wounded.
The endoplasm misses you.
You hit the endoplasm.
The endoplasm is heavily wounded.
The endoplasm hits you but does no damage.
You hit the endoplasm.
You kill the endoplasm!
You have reached level 3!
Your experience leads to an increase in your attributes!
Increase (S)trength, (I)ntelligence, or (D)exterity?
You feel stronger. x2
You see here a rat corpse.
A rat comes into view.
The rat squeaks loudly.
You hear a shout!
You hear an angry hiss.
You hear a shout!
A goblin comes into view. It is wielding a +0 dagger.
There are monsters nearby!
You hit the rat.
You kill the rat!
An adder comes into view.
Found a stone staircase leading up.
The adder hisses angrily.
You see here a rat corpse.
A goblin comes into view. It is wielding a +0 dagger.
Found a stone staircase leading up.
The goblin shouts!
The goblin misses you.
You hit the adder but do no damage. You hit the goblin.
You kill the goblin!
The adder bites you.
You hit the adder.
The adder is severely wounded.
The adder completely misses you. The adder bites you.
You barely miss the adder.
The adder is severely wounded.
The adder misses you.
You hit the adder.
The adder is severely wounded.
You hit the goblin.
You kill the goblin!
The adder misses you. x2
You slash the adder!
You kill the adder!
No target in view!
No target in view!
Things that are here:
a +0 dagger; a goblin corpse
There is a stone staircase leading up here.
You climb upwards.
The ball python hisses angrily.
Found a helmet, a mace, a hand axe and a leather armour.
There is a stone staircase leading down here.
The ball python bites you but does no damage.
The ball python grabs you. The ball python constricts you.
You hit the ball python.
You kill the ball python!
You hit the giant cockroach. The giant cockroach barely misses you.
You completely miss the giant cockroach.
The giant cockroach is heavily wounded.
The giant cockroach misses you.
You hit the giant cockroach but do no damage.
The giant cockroach is heavily wounded.
The giant cockroach misses you.
The giant cockroach bites you but does no damage.
You hit the giant cockroach.
You kill the giant cockroach!
No target in view!
No target in view!
No target in view!
There is a stone staircase leading down here.
You see here a +0 helmet.
You start putting on your armour.
You continue putting on your +0 helmet. x4
You finish putting on your +0 helmet.
There is a stone staircase leading down here.
Unknown command.
There is a stone staircase leading down here.
You climb downwards.
Level annotation: Natasha
There is a stone staircase leading up here.
There is a stone staircase leading up here.
You climb upwards.
There is a stone staircase leading down here.
You climb downwards.
Level annotation: Natasha The giant cockroach bites you but does no damage.
The giant cockroach barely misses you.
There is a stone staircase leading up here.
You hit the giant cockroach.
The giant cockroach is moderately wounded.
The giant cockroach barely misses you.
You hit the giant cockroach.
The giant cockroach is moderately wounded.
The giant cockroach barely misses you. The giant cockroach bites you.
You hit the giant cockroach but do no damage.
The giant cockroach is moderately wounded.
The giant cockroach waves its antennae.
The giant cockroach closely misses you.
You hit the giant cockroach.
You kill the giant cockroach!
No target in view!
There is a stone staircase leading up here.
Found a scroll labelled CIYDOTYNEU, 15 gold pieces and 5 stones.
A rat comes into view.
A rat is nearby!
The rat bites you but does no damage.
You see here a scroll labelled CIYDOTYNEU.
l - a scroll labelled CIYDOTYNEU The rat bites you but does no damage.
You completely miss the rat. The rat bites you but does no damage.
You hit the rat.
You kill the rat!
No target in view!
You now have 65 gold pieces (gained 15).
You see here a rat corpse.
Found 9 gold pieces.
Found a scroll labelled KUW YJUKOU.
i - 13 stones (gained 5)
You now have 74 gold pieces (gained 9).
m - a scroll labelled KUW YJUKOU A frilled lizard comes into view.
Found a hand axe.
Found a stone staircase leading down.
The frilled lizard hisses angrily.
You hit the frilled lizard.
The frilled lizard is heavily wounded.
The frilled lizard bites you but does no damage.
You barely miss the frilled lizard.
The frilled lizard is heavily wounded.
The frilled lizard barely misses you.
You hit the frilled lizard.
You kill the frilled lizard!
No target in view!
There is a stone staircase leading down here.
You climb downwards.
Found 13 gold pieces and a glowing marble ring.
There is a stone staircase leading up here.
You hit the kobold but do no damage. The kobold misses you.
You hit the kobold.
The kobold is heavily wounded.
The kobold hits you with a +0 club.
You hit the kobold.
You kill the kobold!
No target in view!
No target in view!
You now have 87 gold pieces (gained 13).
Found an ornate altar of the Wu Jian Council.
Found 12 gold pieces.
n - a +6 ring of intelligence
Found a spiked leather armour.
You now have 99 gold pieces (gained 12).
Found a stone staircase leading down.
A ball python comes into view.
The ball python hisses angrily.
The ball python moves out of view.
A ball python is nearby!
There is a stone staircase leading down here.
The ball python bites you but does no damage.
The ball python grabs you.
You stop descending the stairs.
The ball python constricts you.
You hit the ball python.
The ball python is moderately wounded.
The ball python barely misses you. The ball python constricts you.
You hit the ball python.
You kill the ball python!
No target in view!
HP restored.
You climb downwards.
You hear the hiss of flowing sand.
There is an entrance to an ossuary on this level.
Hurry and find it before the portal is buried!
There is a stone staircase leading up here. 2 gnolls come into view.
A gnoll is wielding a +0 halberd and quivering a throwing net.
Found 4 stones.
The gnoll shouts! x2
A gnoll comes into view. It is wielding a +0 whip.
The gnoll moves out of view.
A gnoll comes into view. It is wielding a +0 halberd.
The gnoll moves out of view.
The gnoll hits you from afar with a +0 spear.
The gnoll barely misses you.
The gnoll hits you from afar with a +0 spear.
The gnoll hits you with a +0 halberd!
* * * LOW HITPOINT WARNING * * *
The gnoll hits you from afar with a +0 spear.
* * * LOW HITPOINT WARNING * * *
The gnoll closely misses you.
There is a stone staircase leading up here.
The gnoll barely misses you.
You climb upwards.
There is a stone staircase leading down here.
An ice beast comes into view.
You aren't carrying any items that you can evoke.
Unknown command.
Okay, then.
Throw: 13 stones
Press: ? - help, Shift-Dir - straight line, f - ice beast
Aim: an ice beast (haloed, 75% to hit)
You throw a stone.
The stone hits the ice beast but does no damage.
Cleave: a) +0 hand axe
Press: ? - help, Dir - move target, f/p - ice beast
Aim: an ice beast (haloed, about 21% to evade your +0 hand axe)
You hit the ice beast.
The ice beast is lightly wounded.
The ice beast hits you but does no damage.
Cleave: a) +0 hand axe
Press: ? - help, Dir - move target, f/p - ice beast
Aim: an ice beast (lightly wounded, haloed, about 21% to evade your +0 hand axe)
You barely miss the ice beast.
The ice beast is lightly wounded.
The ice beast closely misses you.
Cleave: a) +0 hand axe
Press: ? - help, Dir - move target, f/p - ice beast
Aim: an ice beast (lightly wounded, haloed, about 21% to evade your +0 hand axe)
You hit the ice beast but do no damage.
The ice beast is lightly wounded.
The ice beast hits you. The ice beast freezes you!
Ouch! That really hurt!
* * * LOW HITPOINT WARNING * * *
The ice beast misses you.
Cleave: a) +0 hand axe
Press: ? - help, Dir - move target, f/p - ice beast
Aim: an ice beast (lightly wounded, haloed, about 21% to evade your +0 hand axe)
You hit the ice beast.
The ice beast is lightly wounded.
The ice beast hits you but does no damage.
Cleave: a) +0 hand axe
Press: ? - help, Dir - move target, f/p - ice beast
Aim: an ice beast (lightly wounded, haloed, about 21% to evade your +0 hand axe)
You barely miss the ice beast.
The ice beast is lightly wounded.
The ice beast barely misses you.
Cleave: a) +0 hand axe
Press: ? - help, Dir - move target, f/p - ice beast
Aim: an ice beast (lightly wounded, haloed, about 21% to evade your +0 hand axe)
You hit the ice beast but do no damage.
The ice beast is lightly wounded.
The ice beast hits you.
* * * LOW HITPOINT WARNING * * *
The ice beast freezes you!
You die...

.#####...#..........##
.........#...........##.
..#...........#._.#.....
.##......#..........[...
......####............#
.###### ###.......####
## ###..###.###
#########...## #.#
##........### #@#
...#########...Y........
.....................###
########.###########.# #


You could see an ice beast.

Vanquished Creatures
  An adder (D:2)
  A dart slug (D:2)
  5 ball pythons
  3 endoplasms
  4 giant cockroaches
  2 goblins (D:2)
  4 hobgoblins
  A quokka (D:2)
  A frilled lizard (D:2)
  4 kobolds
  5 rats (D:2)
31 creatures vanquished.

Notes
Turn   | Place    | Note
-------+----------+-------------------------------------------
     0 | D:1      | jagoly the Gargoyle Monk began the quest for the Orb.
     0 | D:1      | Reached XP level 1. HP: 14/14 MP: 1/1
   114 | D:1      | Reached XP level 2. HP: 19/19 MP: 2/2
   208 | D:3      | Reached skill level 1 in Stealth
   262 | D:2      | Reached skill level 1 in Armour
   262 | D:2      | Noticed Natasha
   299 | D:2      | Reached XP level 3. HP: 17/23 MP: 3/3
   417 | D:3      | Found an ornate altar of the Wu Jian Council.
   490 | D:3      | Noticed an ice beast
   494 | D:3      | HP: 1/24 [ice beast (14)]
   497 | D:3      | Mangled by an ice beast

Illustrated notes

Levels and vault maps discovered:
D:1:      lemuel_arrival_tunnels, layout_rooms, minmay_misc_feat_pillars
D:2:      layout_rooms, uniq_natasha
D:3:      layout_rooms, yredelemnul_forgotten_temple_becter,
          mainiacjoe_overflow_tiny_flanked, mainiacjoe_overflow_catwalk,
          kennysheep_generic_room_6
D:4:      layout_basic, enter_ossuary_2, supply_closet_lemuel,
          saegor_snake_ambush

Skill      XL: |  1  2 |
---------------+-------+-----
Axes           | 3 |  3.3
Stealth        | 1 |  1.0
Armour         | 1 |  1.3
Fighting       | |  3.7
Dodging        | |  2.4

Action                     || total
---------------------------++-------
  Melee: Hand axe          ||    70
   Fire: Sling             ||    12
  Throw: Stone             ||     1
 Armour: Ring mail         ||    36
  Dodge: Dodged            ||    44
